 Dungeon Crawl Stone Soup version 0.24.1-14-gf8d2b509d9 (webtiles) character file.

Game seed: 5734297100350712133, levelgen mode: deterministic

47 H0rd4k the Magician (level 3, 0/19 HPs)
             Began as a Deep Elf Wizard on May 19, 2020.
             Succumbed to an adder's poison
             ... on level 3 of the Dungeon.
             The game lasted 00:02:27 (1416 turns).

H0rd4k the Magician (Deep Elf Wizard)               Turns: 1416, Time: 00:02:28

Health: 0/19       AC:  2    Str:  4    XL:     3   Next: 48%
Magic:  1/12       EV: 13    Int: 23    God:
Gold:   65         SH:  0    Dex: 13    Spells: 4/13 levels left

rFire    . . .     SeeInvis .   (no weapon)
rCold    . . .     Gourm    .   (no shield)
rNeg     . . .     Faith    .   a - +0 robe
rPois    .         Spirit   .   b - +0 hat
rElec    .         Reflect  .   (no cloak)
rCorr    .         Harm     .   (no gloves)
MR       .....                  (no boots)
Stlth    ++........             (no amulet)
HPRegen  0.06/turn              (no ring)
MPRegen  0.13/turn              (no ring)

@: lethally poisoned (0 -> -6)
A: no striking features
a: no special abilities


You were on level 3 of the Dungeon.
You were not hungry.

You visited 1 branch of the dungeon, and saw 3 of its levels.

You collected 65 gold pieces.

Inventory:

Missiles
 q - 5 silver boomerangs (quivered)
Armour
 a - a +0 robe (worn)
 b - a +0 hat (worn)
Jewellery
 p - an uncursed ring of magical power {unknown}
Scrolls
 h - 2 scrolls of identify
 l - a scroll of fear {unknown}
Potions
 c - a potion of resistance {unknown}
 j - a potion of haste {unknown}
 m - 2 potions of degeneration {unknown}
 n - 2 potions of heal wounds {unknown}
 o - a potion of agility {unknown}
Comestibles
 d - 3 rations


   Skills:
 + Level 2.8 Dodging
 + Level 2.5 Stealth
 + Level 5.8 Spellcasting
 + Level 1.7 Conjurations
   Level 1.1 Summonings
 + Level 1.1 Translocations


You had 4 spell levels left.
You knew the following spells:

 Your Spells              Type           Power        Failure   Level  Hunger
a - Magic Dart            Conj           ##..         4%          1    None
b - Blink                 Tloc           N/A          9%          2    None
c - Conjure Flame         Conj/Fire      ##......     19%         3    #......
d - Mephitic Cloud        Conj/Pois/Air  #.......     21%         3    #......

Your spell library contained the following spells:

 Spells                   Type           Power        Failure   Level  Hunger
 Call Imp                 Summ           ##......     9%          2    None
 Slow                     Hex            #.......     13%         2    None


Dungeon Overview and Level Annotations

Branches:
Dungeon (3/15)

Altars:
Ashenzari
Qazlal
Vehumet
Xom


Message History

As you read the scroll labeled CAINEQ MAKKY, it crumbles to dust.
It is a scroll of identify.
g - a potion of curing The adder bites you. x2
* * * LOW HITPOINT WARNING * * *
You feel better. The adder closely misses you.
As you read the scroll labeled KEUJOH OBECUU, it crumbles to dust.
You feel blessed for a moment.
It was a scroll of remove curse.
The adder bites you.
As you read the scroll labeled XESHRA NEW NURAIN, it crumbles to dust.
The creatures around you are filled with an inner flame!
It was a scroll of immolation.
The adder closely misses you.
As you read the scroll labeled ADGHUO ISOHALOL, it crumbles to dust.
The scroll dissolves into smoke.
It was a scroll of fog.
The adder bites you.
* * * LOW HITPOINT WARNING * * *
You are lethally poisoned!
The adder poisons you! The adder bites you.
* * * LOW HITPOINT WARNING * * *
Unknown command.
You die...

## #..#####.###..###.###....#
^## #........#
#.#.#............
≈_####.###.#.##
#................ ♣#^#...#
#.#.####.##.#.≈....≈≈§≈.
.≈...###
#.#.#...........#≈≈§##≈. .≈≈###
#.#.#§§§........#§≈§≈ .§ .###
#.#.#§S§......≈≈#≈§§≈#..
.#########.#.§§§§§....≈≈≈≈§§8≈≈
## ..........§§§@§§.... #
######.##§#§§§§.... #
#.....##........ #
#.#.##.#.####.#. ########.#.#
... .# .........#.# #.... #
##########.# ####. # #<# # #..


You could see an adder (inner flame).

Vanquished Creatures
  An adder (D:3)
  A worm (D:3)
  A dart slug (D:2)
  An orc (D:3)
  7 bats
  3 giant cockroaches
  2 goblins (D:1)
  3 hobgoblins
  2 jackals
  2 quokkas (D:2)
  3 frilled lizards (D:1)
  4 kobolds
  2 rats
32 creatures vanquished.

Notes
Turn   | Place    | Note
-------+----------+-------------------------------------------
     0 | D:1      | H0rd4k the Deep Elf Wizard began the quest for the Orb.
     0 | D:1      | Reached XP level 1. HP: 10/10 MP: 7/7
   394 | D:1      | Reached skill level 5 in Spellcasting
   394 | D:1      | Reached XP level 2. HP: 15/15 MP: 6/10
   997 | D:2      | Found a radiant altar of Vehumet.
  1071 | D:2      | Found a shattered altar of Ashenzari.
  1118 | D:3      | Reached XP level 3. HP: 18/19 MP: 2/12
  1122 | D:3      | Learned a level 2 spell: Blink
  1126 | D:3      | Learned a level 3 spell: Conjure Flame
  1130 | D:3      | Learned a level 3 spell: Mephitic Cloud
  1142 | D:3      | Found a stormy altar of Qazlal.
  1300 | D:3      | Found a shimmering altar of Xom.
  1300 | D:3      | Found a shimmering altar of Xom.
  1303 | D:3      | Found a shimmering altar of Xom.
  1303 | D:3      | Found a shimmering altar of Xom.
  1416 | D:3      | Succumbed to an adder's poison

Levels and vault maps discovered:
D:1:      eino_arrival_tree_alley, layout_basic, minmay_misc_feat_tower,
          serial_park_tiny_2
D:2:      layout_basic, lemuel_crystal_altar, nicolae_overflow_crystal_walls,
          chequers_garden, chequers_serial_rivers_large_b
D:3:      layout_loops_ring, kennysheep_slug_shrine, okawaru_gym_becter,
          grunt_temple_overflow_open, xom_redecorated,
          nicolae_qazlal_general_emergency

Skill      XL: |  1 |
---------------+----+-----
Spellcasting   | 5 |  5.8
Dodging        | |  2.8
Stealth        | |  2.5
Conjurations   | |  1.7
Summonings     | |  1.1
Translocations | |  1.1

Action                   || total
-------------------------++-------
 Cast: Magic Dart        ||    82
       Conjure Flame     ||     1
       Mephitic Cloud    ||     1
  Use: Scroll            ||     5
       Potion            ||     1
  Eat: Chunk             ||     1
Armor: Robe              ||     6
Dodge: Dodged            ||    28
